 Dungeon Crawl Stone Soup version 0.24.1-8-ga250c9d538 (webtiles) character file.

Game seed: 17055834497169112104, levelgen mode: deterministic

3724 Hugehornet the Martial Artist (level 10, -4/58 HPs)
             Began as an Octopode Transmuter on May 5, 2020.
             Was a Believer of Cheibriados.
             Slain by an orc warrior
             ... wielding a +5 flail
              (21 damage)
             ... on level 8 of the Dungeon.
             The game lasted 00:27:20 (9819 turns).

Hugehornet the Martial Artist (Octopode Transmuter) Turns: 9819, Time: 00:27:21

Health: -4/58      AC:  2    Str: 16    XL:     10   Next: 14%
Magic:  12/16      EV: 20    Int: 23    God:    Cheibriados [**....]
Gold:   227        SH:  0    Dex: 22    Spells: 1/17 levels left

rFire    . . .     SeeInvis .     - Unarmed
rCold    + . .     Gourm    .   (shield currently unavailable)
rNeg     . . .     Faith    .   (helmet currently unavailable)
rPois    x         Spirit   .   (no amulet)
rElec    .         Reflect  .   e - +3 ring of strength
rCorr    .         Harm     .   d - ring of flight
MR       .....                  r - ring of protection from cold
Stlth    ++........             (no ring)
HPRegen  0.19/turn              (no ring)
MPRegen  0.15/turn              (no ring)
                                (no ring)
                                (no ring)

@: spider-form, very slow
A: tiny, almost no armour, stealthy swim, (amphibious), 8 rings, (constrict 8)
a: End Transformation, Bend Time, Renounce Religion, Evoke Flight


You were on level 8 of the Dungeon.
You worshipped Cheibriados.
Cheibriados was pleased with you.
You were hungry.
You were a venomous arachnid creature.
You visited 2 branches of the dungeon, and saw 9 of its levels.

You collected 252 gold pieces.
You spent 25 gold pieces at shops.

Inventory:

Missiles
 a - 102 arrows
Armour
 f - a +0 large shield
Jewellery
 d - a ring of flight (right front leg)
 e - a +3 ring of strength (left front leg)
 r - a ring of protection from cold (on tentacle)
Wands
 s - a wand of polymorph (7)
 u - a wand of flame (8)
Scrolls
 b - a scroll of fog {unknown}
 h - 4 scrolls of enchant armour
 j - 7 scrolls of remove curse
 k - 3 scrolls of teleportation {unknown}
 n - 2 scrolls of blinking {unknown}
 p - a scroll of magic mapping {unknown}
 w - 3 scrolls of fear {unknown}
 x - a scroll of identify
 y - a scroll of immolation {unknown}
Potions
 g - a potion of might
 i - a potion of agility
 l - 3 potions of flight
 m - 2 potions of haste
 o - a potion of curing {unknown}
 q - 2 potions of lignification {unknown}
 t - a potion of resistance {unknown}
Comestibles
 c - 5 rations


   Skills:
 - Level 1.0 Fighting
 - Level 2.0 Dodging
 + Level 9.4 Unarmed Combat
 - Level 4.3 Spellcasting
 - Level 1.0 Hexes
 - Level 9.0 Transmutations
 - Level 3.2 Ice Magic
 - Level 1.0 Poison Magic
 - Level 4.2 Invocations


You had one spell level left.
You knew the following spells:

 Your Spells              Type           Power        Failure   Level  Hunger
a - Beastly Appendage     Tmut           #####.       2%          1    None
b - Sticks to Snakes      Tmut           #####...     3%          2    #......
c - Spider Form           Tmut/Pois      ####......   12%         3    ##.....
d - Ice Form              Ice/Tmut       ####....     22%         4    ####...
e - Blade Hands           Tmut           #####.....   19%         5    ######.
f - Confusing Touch       Hex            #.....       19%         1    None

Your spell library contained the following spells:

 Spells                   Type           Power        Failure   Level  Hunger
 Petrify                  Tmut/Erth      ####....     34%         4    ####...
 Confuse                  Hex            #.......     41%         3    ##.....
 Gell's Gravitas          Tloc           #.........   52%         3    ##.....
 Yara's Violent Unravell  Hex/Tmut       ####......   56%         5    ######.
 Metabolic Englaciation   Hex/Ice        ##........   89%         5    ######.


Dungeon Overview and Level Annotations

Branches:
Dungeon (8/15)             Temple (1/1) D:6
   Lair: D:8-11

Altars:
Ashenzari
Cheibriados
Dithmenos
Elyvilon
Fedhas
Hepliaklqana
Makhleb
Nemelex Xobeh
Okawaru
Qazlal
Ru
Sif Muna
Trog
Uskayaw
Wu Jian
Xom
Yredelemnul
Zin
The Shining One

Shops:
D:4 *

Annotations:
D:4 3 runed translucent doors, harkrass's ghost, amateur MiFi


Innate Abilities, Weirdness & Mutations

You cannot wear most types of armour.
You are very stealthy in the water. (Stealth+)
((You are amphibious.))
You can wear up to eight rings at the same time.
((You can use your tentacles to constrict eight enemies at once.))
((Your skin changes colour to match your surroundings (Stealth+).))
((Your rubbery body absorbs attacks. (AC +1, EV +1)))


Message History

Your adder completely misses the orc warrior.
Your adder bites the orc warrior but does no damage.
Your adder bites the orc warrior.
The orc warrior looks as sick as possible!
Your adder poisons the orc warrior!
Things that are here:
a cursed -1 hand axe; a +0 plate armour; an orc corpse You barely miss the orc warrior.
The orc warrior is moderately wounded.
A bullfrog comes into view.
The orc warrior closely misses you.
You hit the orc warrior.
The orc warrior looks as sick as possible!
The orc warrior is heavily wounded.
You bite the orc warrior!
The orc warrior looks as sick as possible!
The orc warrior is almost dead.
Your adder bites the orc warrior but does no damage. x2
The orc warrior hits you with a +5 flail!!
You die...

### #....## #.. #.....# #..
#>....# #.. #.....# .. #..
#.....# ....##.#######
##...###
.............###### #...#..
......#))....#S...# #......
.....
#...F..Sos..########......
....
#########.........)#[(....
O..
#......##........))'.o....
.o
##.......#..........#[..(..
.
.........#).........#[...(.
........['..........#.....(
.........#)........##....##
##......##.........##'####
#########)..............#


You could see an orc warrior, a bullfrog and 2 friendly adders.

Vanquished Creatures
  A two-headed ogre (D:8)
  Sigmund (D:3)
  Duvessa (D:5)
  An ice beast (D:6)
  An orc warrior (D:6)
  3 sky beasts
  2 necrophages (D:6)
  3 ogres
  2 phantoms
  2 centaurs
  A big kobold (D:8)
  Blork the orc (D:5)
  2 bullfrogs
  3 scorpions (D:8)
  A killer bee (D:8)
  6 howler monkeys
  2 bullfrog zombies
  2 crimson imps
  A jelly (D:6)
  3 hounds
  4 orc priests
  3 orc wizards (D:4)
  3 iguanas
  8 worker ants
  2 hound skeletons (D:6)
  A hound zombie (D:8)
  4 adders
  An ooze (D:5)
  An adder skeleton (D:5)
  A worm (D:2)
  A dart slug (D:2)
  7 leopard geckos
  29 orcs
  6 giant cockroaches
  7 goblins
  11 hobgoblins
  9 jackals
  18 kobolds
  4 quokkas
  5 bats
  4 frilled lizards
  A jackal skeleton (D:4)
  2 quokka skeletons (D:5)
  8 rats
179 creatures vanquished.

Vanquished Creatures (collateral kills)
  2 orc warriors (D:8)
  Dowan (D:5)
  An orc priest (D:6)
  An orc wizard (D:6)
  2 orcs (D:6)
7 creatures vanquished.

Grand Total: 186 creatures vanquished

Notes
Turn   | Place    | Note
-------+----------+-------------------------------------------
     0 | D:1      | Hugehornet the Octopode Transmuter began the quest for the
                  | Orb.
     0 | D:1      | Reached XP level 1. HP: 13/13 MP: 3/3
   104 | D:1      | Reached XP level 2. HP: 5/18 MP: 3/5
   108 | D:1      | Learned a level 2 spell: Sticks to Snakes
   658 | D:1      | Reached XP level 3. HP: 18/23 MP: 6/6
   663 | D:1      | Learned a level 3 spell: Spider Form
  1566 | D:2      | Reached skill level 1 in Poison Magic
  1566 | D:2      | Reached XP level 4. HP: 19/28 MP: 7/7
  2501 | D:3      | Found an iron altar of Okawaru.
  2604 | D:3      | Noticed Sigmund
  2617 | D:3      | Killed Sigmund
  2617 | D:3      | Reached XP level 5. HP: 19/33 MP: 4/8
  2617 | D:3      | Reached XP level 6. HP: 22/38 MP: 4/9
  2790 | D:3      | Found a stormy altar of Qazlal.
  2791 | D:3      | Noticed a fire elemental
  2791 | D:3      | Noticed a water elemental
  2791 | D:3      | Noticed an air elemental
  3181 | D:4      | Noticed a phantom
  3240 | D:4      | Killed a phantom
  3240 | D:4      | Reached skill level 5 in Transmutations
  3338 | D:4      | Reached skill level 5 in Unarmed Combat
  3671 | D:4      | Reached XP level 7. HP: 30/43 MP: 8/10
  4091 | D:4      | Found a runed translucent gate.
  4091 | D:4      | Found a runed translucent gate.
  4091 | D:4      | Found a runed translucent gate.
  4095 | D:4      | Noticed harkrass's ghost (amateur MiFi)
  4485 | D:4      | Found Beegeme's Assorted Antiques.
  4493 | D:4      | Bought a scroll labeled WUKHLU ENKO for 25 gold pieces
  4526 | D:5      | Entered Level 5 of the Dungeon
  4756 | D:5      | Found a burning altar of Makhleb.
  4756 | D:5      | Noticed a cacodemon
  4808 | D:5      | Learned a level 4 spell: Ice Form
  4814 | D:5      | Noticed Dowan
  4831 | D:5      | Noticed Duvessa
  4839 | D:5      | Killed Dowan
  4841 | D:5      | Killed Duvessa
  4841 | D:5      | Reached skill level 1 in Ice Magic
  4841 | D:5      | Reached XP level 8. HP: 34/48 MP: 3/11
  4964 | D:5      | Found a sacrificial altar of Ru.
  4995 | D:5      | Noticed Blork the orc
  5025 | D:5      | Killed Blork the orc
  5318 | D:5      | Found a shadowy altar of Dithmenos.
  5447 | D:5      | Learned a level 1 spell: Confusing Touch
  5770 | D:5      | Found a hide-covered altar of Uskayaw.
  5855 | D:6      | Reached skill level 1 in Hexes
  6021 | D:6      | Found a shadowy altar of Dithmenos.
  6587 | D:6      | Reached XP level 9. HP: 43/53 MP: 5/15
  6647 | D:6      | Learned a level 5 spell: Blade Hands
  7255 | D:6      | Found a staircase to the Ecumenical Temple.
  7264 | Temple   | Entered the Ecumenical Temple
  7383 | Temple   | Became a worshipper of Cheibriados the Contemplative
  7793 | D:7      | Found a white marble altar of Elyvilon.
  8016 | D:7      | Found a shattered altar of Ashenzari.
  8864 | D:8      | Reached * piety under Cheibriados
  9200 | D:8      | Reached ** piety under Cheibriados
  9420 | D:8      | Reached skill level 1 in Invocations
  9586 | D:8      | Noticed a two-headed ogre
  9615 | D:8      | Killed a two-headed ogre
  9615 | D:8      | Reached XP level 10. HP: 3/58 MP: 8/16
  9819 | D:8      | Slain by an orc warrior

Levels and vault maps discovered:
D:1:      dpeg_arrival_chambers_temple_mockup, layout_basic, nrook_mini_vaults
D:2:      layout_loops_ring, grunt_decor_fettered,
          minmay_misc_feat_secret_circle, grunt_decor_one_mirror
D:3:      layout_loops_cross, lemuel_round_altar,
          nicolae_qazlal_style_of_elements, uniq_sigmund
D:4:      layout_basic, ebering_ghost_rock_garden, first_ration, serial_shops,
          kennysheep_little_box
D:5:      layout_basic, marbit_many_paths, kennysheep_mini_moat,
          makhleb_altar_promises_db, nicolae_dithmenos_through_a_glass_darkly,
          uniq_blork_the_orc, uniq_duvessa
D:6:      layout_basic, lemuel_crystal_altar,
          minmay_temple_entry_statues_fountains
D:7:      layout_loops_corners, nicolae_overflow_hidden_temple,
          ashenzari_conservatory_becter
D:8:      layout_gridville, nicolae_overflow_crystal_walls, lemuel_round_altar,
          special_room [special_room_orc]
Temple:   minmay_temple_forest_path

Skill      XL: |  1  2  3  4  5  6  7  8  9 |
---------------+----------------------------+-----
Transmutations | 3 4 5 7 8 9 |  9.0
Poison Magic   | 1 |  1.0
Unarmed Combat | 4 5 6 9 |  9.4
Ice Magic      | 1 3 |  3.2
Hexes          | 1 |  1.0
Spellcasting   | 4 |  4.3
Invocations    | 4 |  4.2
Fighting       | |  1.0
Dodging        | |  2.0

Action                   |  1- 3 |  4- 6 |  7- 9 | 10-12 || total
-------------------------+-------+-------+-------+-------++-------
Melee: Unarmed           |    78 |    92 |   326 |     7 ||   503
       Constrict         |    26 |    17 |    23 |     1 ||    67
       Kick              |    14 |    18 |    32 |     1 ||    65
       Tentacles         |    14 |     8 |    20 |       ||    42
       Punch             |     2 |     3 |     4 |       ||     9
 Cast: Beastly Appendage |    23 |    22 |    26 |     1 ||    72
       Spider Form       |       |     3 |    32 |     1 ||    36
       Sticks to Snakes  |       |     4 |    18 |     2 ||    24
       Confusing Touch   |       |       |     8 |       ||     8
       Ice Form          |       |       |     1 |       ||     1
Invok: Bend Time         |       |       |       |     1 ||     1
 Abil: End Transformatio |       |       |     7 |       ||     7
  Use: Scroll            |       |     6 |     2 |       ||     8
       Potion            |       |       |     2 |     1 ||     3
 Stab: Sleeping          |     5 |     1 |     5 |       ||    11
       Confused          |       |       |     3 |       ||     3
  Eat: Chunk             |     2 |     8 |    15 |       ||    25
       Ration            |       |       |     2 |       ||     2
Armor: Skin              |     4 |     4 |    13 |       ||    21
Dodge: Dodged            |    49 |    49 |   197 |     3 ||   298
